 Dungeon Crawl Stone Soup version 0.27-a0-421-g7ddf969dea (webtiles) character file.

Game seed: 11891392053540758682

2223 sanka the Covert (level 9, -4/49 HPs)
             Began as a Vampire Enchanter on Feb 26, 2021.
             Was an Initiate of Dithmenos.
             Slain by HoaS's ghost (19 damage)
             ... on level 7 of the Dungeon.
             The game lasted 00:17:01 (9171 turns).

sanka the Covert (Vampire Enchanter)                Turns: 9171, Time: 00:17:02

Health: -4/49      AC:  6    Str:  7    XL:     9   Next: 13%
Magic:  12/14      EV: 17    Int: 17    God:    Dithmenos [......]
Gold:   401        SH:  0    Dex: 18    Spells: 5/14 levels left

rFire    . . .     SeeInvis +   a - +1 dagger
rCold    + + .     Faith    .   (no shield)
rNeg     + + +     Spirit   .   r - +0 troll leather armour
rPois    ∞         Reflect  .   e - +0 helmet
rElec    .         Harm     .   (no cloak)
rCorr    .         Rampage  .   (no gloves)
Will     .....                  m - +0 pair of boots
Stlth    ++++++....             (no amulet)
HPRegen  0.00/turn              j - +4 ring of slaying
MPRegen  0.14/turn              v - ring of flight

@: bloodless
A: fangs 3, see invisible, unbreathing
a: Bat Form, Revivify, Renounce Religion, Evoke Flight


You were on level 7 of the Dungeon.
You worshipped Dithmenos.
Dithmenos was noncommittal.
You visited 2 branches of the dungeon, and saw 8 of its levels.

You collected 421 gold pieces.
You spent 20 gold pieces at shops.


Innate Abilities, Weirdness & Mutations

You do not regenerate when monsters are visible.
You are frail without blood (-20% HP).
You can heal yourself when you bite living creatures.
You are immune to poison.
You have razor-sharp teeth.
You have supernaturally acute eyesight. (SInv)
You can survive without breathing.


   Skills:
 + Level 2.4 Fighting
 + Level 3.4 Short Blades
 + Level 8.7 Dodging
 + Level 9.3 Stealth
 + Level 3.3 Spellcasting
 + Level 9.1 Hexes


You had 5 spell levels left.
You knew the following spells:

 Your Spells              Type           Power        Failure   Level
c - Tukima's Dance        Hex            34%          1%          3
x - Ensorcelled Hibernat  Hex/Ice        36%          6%          2
z - Confusing Touch       Hex            34%          1%          3
Z - Corona                Hex            37%          1%          1

Your spell library contained the following spells:

 Spells                   Type           Power        Failure   Level
 Dazzling Flash           Conj/Hex       36%          12%         3

Inventory:

Hand Weapons
 a - a +1 dagger (weapon)
 u - a +0 morningstar
 E - a +0 halberd
Missiles
 l - 15 javelins
Armour
 b - a +0 robe
 e - a +0 helmet (worn)
 m - a +0 pair of boots (worn)
 r - a +0 troll leather armour (worn)
 D - a +0 buckler
Jewellery
 j - a +4 ring of slaying (left hand)
 v - a ring of flight (right hand)
Wands
 B - a wand of charming (9)
Scrolls
 c - 6 scrolls of teleportation {@r4}
 g - 4 scrolls of enchant weapon
 k - 2 scrolls of magic mapping
 n - 2 scrolls of fear
 o - 3 scrolls of enchant armour
 q - a scroll of fog
 t - 6 scrolls of blinking
 y - a scroll of immolation {unknown}
 C - a scroll of noise {unknown}
 F - a scroll of random uselessness {unknown}
 G - a scroll of identify {@r1}
Potions
 d - 2 potions of flight
 f - a potion of brilliance {unknown}
 h - a potion of haste {@q3}
 i - a potion of ambrosia {unknown}
 p - a potion of magic {unknown}
 s - 2 potions of resistance
 w - 2 potions of attraction {unknown}
 x - a potion of heal wounds {@q2}
 z - a potion of curing {unknown}
 A - 3 potions of lignification {unknown}
 H - a potion of cancellation {unknown}

Dungeon Overview and Level Annotations

Branches:
Dungeon (7/15)             Temple (1/1) D:6

Altars:
Ashenzari
Cheibriados
Dithmenos
Elyvilon
Fedhas
Gozag
Hepliaklqana
Kikubaaqudgha
Makhleb
Nemelex Xobeh
Okawaru
Qazlal
Ru
Sif Muna
Trog
Uskayaw
Vehumet
Wu Jian
Xom
Yredelemnul
Zin
The Shining One

Shops:
D:4 ?

Annotations:
D:7 HoaS's ghost, novice FeMo

▒.▒▒▒.▒▒.▒.▒▒..▒..........▒.▒....
▒.▒▒▒.▒▒.▒.▒▒.▒▒.▒.▒▒▒▒▒▒........
.................................
..▒▒▒.▒▒.........................
▒.▒▒▒.▒▒▒..▒▒.▒▒+▒.▒▒▒▒▒▒▒▒.▒▒▒.▒
................................▒
...................▒▒.▒.....▒▒...
▒.▒▒▒▒▒▒▒...▒.▒....▒▒.▒.....▒▒.▒▒
▒.▒ ▒...▒...V..▒▒.▒.....▒▒.▒
▒+▒▒▒▒▒▒▒...▒..▒W▒....+.....▒▒.▒
..............▒▒.▒▒...▒.....▒▒.▒▒
...▒▒▒▒▒▒....▒▒...▒▒..▒▒▒▒▒.▒▒...
...▒▒▒▒▒▒...▒▒.....▒▒....▒▒.▒▒...
...+........▒⌠(!♣..⌠▒....+..▒▒.▒▒
...▒▒▒▒.....▒▒.....▒▒....▒.......
...▒ ▒.▒<...▒▒...▒▒.....▒.......
▒'▒▒ ▒.▒.....▒▒⌠▒▒..............


You could see HoaS's ghost (confused).


Message History

You bite the iguana, and draw its blood!
You spit the iguana like a pig!!!
You kill the iguana!
Dithmenos accepts your kill.
There is a stone staircase leading up here.
You see here a +0 ring mail.
You see here a +0 dagger.
HoaS's ghost turns its malevolent gaze towards you.
Key pressed, stopping explore.
Unknown command.
Here: HoaS's ghost (fire blocked by a translucent stone wall)
The floor.
Your target is gone.
Your hands begin to glow red.
Here: HoaS's ghost (chance to confuse on hit: 39%, fire blocked by a runed translucent door)
The floor.
You open the door. You barely miss HoaS's ghost. HoaS's ghost hits you!
You completely miss HoaS's ghost. HoaS's ghost misses you.
You barely miss HoaS's ghost. HoaS's ghost hits you.
You miss HoaS's ghost. HoaS's ghost hits you!!
* * * LOW HITPOINT WARNING * * *
You hit HoaS's ghost but do no damage.
HoaS's ghost appears confused.
HoaS's ghost hits you!!
You die...

Action                   |  1- 3 |  4- 6 |  7- 9 || total
-------------------------+-------+-------+-------++-------
Melee: Dagger            |    57 |   121 |   183 ||   361
       Bite              |     4 |     5 |    17 ||    26
 Cast: Corona            |     2 |       |       ||     2
       Ensorcelled Hiber |     8 |    29 |    30 ||    67
       Confusing Touch   |       |     6 |    22 ||    28
 Abil: Exsanguinate      |     1 |       |       ||     1
  Use: Scroll            |       |     5 |     2 ||     7
       Potion            |       |       |     4 ||     4
 Stab: Sleeping          |    23 |    36 |    37 ||    96
       Confused          |       |     5 |    12 ||    17
       Distracted        |       |       |     1 ||     1
Armor: Robe              |     7 |    10 |       ||    17
       Troll leather arm |       |    19 |    27 ||    46
Dodge: Dodged            |    27 |    86 |   150 ||   263

Levels and vault maps discovered:
D:1:      dpeg_arrival_orchard, layout_basic, serial_glass, glass_columns_c,
          glass_columns_c, glass_columns_a, glass_columns_b, glass_columns_c,
          glass_columns_a, glass_columns_c, glass_columns_a, minivault_23
D:2:      layout_basic
D:3:      layout_basic, lemuel_doored_altar
D:4:      layout_cave_pools, serial_shops, shop, minmay_misc_feat_four_crosses,
          okawaru_altar_gauntlet_db
D:5:      layout_gridville
D:6:      layout_layer_cave, temple_hall
D:7:      layout_basic, hellmonk_ghost_happy_afterlife,
          hangedman_decor_diamond_cutter
Temple:   dpeg_three_leaves_temple

Notes
Turn   | Place    | Note
-------+----------+-------------------------------------------
     0 | D:1      | sanka the Vampire Enchanter began the quest for the Orb.
     0 | D:1      | Reached XP level 1. HP: 13/13 MP: 3/3
    64 | D:1      | Reached skill level 5 in Stealth
    64 | D:1      | Reached XP level 2. HP: 12/15 MP: 3/5
   246 | D:1      | Learned a level 2 spell: Ensorcelled Hibernation
   290 | D:1      | Reached skill level 6 in Stealth
   732 | D:2      | Reached XP level 3. HP: 19/19 MP: 3/6
  1070 | D:2      | Reached skill level 7 in Stealth
  1115 | D:2      | Learned a level 3 spell: Confusing Touch
  1496 | D:2      | Reached XP level 4. HP: 24/24 MP: 7/7
  2255 | D:2      | Reached skill level 8 in Stealth
  2975 | D:3      | Reached skill level 5 in Hexes
  2982 | D:2      | Reached skill level 6 in Hexes
  2982 | D:2      | Reached XP level 5. HP: 14/28 MP: 3/8
  3477 | D:3      | Found an opulent altar of Gozag.
  3771 | D:4      | Reached skill level 7 in Hexes
  3983 | D:4      | Reached XP level 6. HP: 32/32 MP: 9/9
  4089 | D:4      | Reached skill level 8 in Hexes
  4089 | D:4      | Reached skill level 3 in Dodging
  4328 | D:3      | Reached skill level 4 in Dodging
  4494 | D:4      | Found Tupsed Wysa's Magic Scroll Shoppe.
  4502 | D:4      | Bought a scroll of identify for 20 gold pieces
  4701 | D:4      | Found an iron altar of Okawaru.
  4705 | D:4      | Reached XP level 7. HP: 36/36 MP: 7/10
  4785 | D:4      | Reached skill level 5 in Dodging
  4807 | D:5      | Entered Level 5 of the Dungeon
  4856 | D:5      | Reached skill level 6 in Dodging
  5078 | D:4      | Learned a level 3 spell: Tukima's Dance
  5690 | D:5      | Reached skill level 7 in Dodging
  6261 | D:6      | Reached skill level 8 in Dodging
  6261 | D:6      | Reached XP level 8. HP: 31/41 MP: 8/11
  6689 | D:6      | Reached skill level 1 in Fighting
  6704 | D:6      | Reached skill level 2 in Short Blades
  6744 | D:7      | Noticed HoaS's ghost (novice FeMo)
  6785 | D:6      | Identified 3 potions of resistance
  7041 | D:6      | Found a staircase to the Ecumenical Temple.
  7050 | Temple   | Entered the Ecumenical Temple
  7137 | Temple   | Became a worshipper of Dithmenos the Shadowed
  8121 | D:7      | Reached skill level 2 in Fighting
  8121 | D:7      | Reached skill level 9 in Stealth
  8121 | D:7      | Reached skill level 3 in Spellcasting
  8126 | D:7      | Found a runed translucent door.
  8131 | D:7      | Reached skill level 3 in Short Blades
  8364 | D:7      | Reached skill level 9 in Hexes
  8364 | D:7      | Reached XP level 9. HP: 48/48 MP: 13/13
  9171 | D:7      | Slain by HoaS's ghost

Vanquished Creatures
  2 orc warriors
  3 sky beasts
  7 ogres
  A phantom (D:3)
  A gnoll sergeant (D:6)
  2 scorpions
  5 hounds
  3 orc priests
  4 jellies
  3 bullfrog skeletons
  An iguana (D:7)
  4 orc wizards
  A worker ant (D:4)
  16 gnolls
  5 adders
  4 white imps
  2 oozes
  An ufetubus (D:6)
  An adder zombie (D:6)
  A worm (D:5)
  A dart slug (D:3)
  A leopard gecko (D:6)
  23 orcs
  4 giant cockroaches
  5 hobgoblins
  10 jackals
  A quokka (D:4)
  2 ball pythons (D:4)
  3 bats
  6 frilled lizards
  9 goblins
  7 kobolds
  6 rats
145 creatures vanquished.
